 Dungeon Crawl Stone Soup version 0.23.1 (webtiles) character file.

Game seed: 13967023673371443230

226 Borgoz the Sneak (level 6, 0/51 HPs)
             Began as a Ghoul Assassin on Mar 13, 2019.
             Was an Initiate of Ashenzari.
             Slain by Edmund
             ... wielding a +4 dire flail of crushing
              (1 damage)
             ... on level 4 of the Dungeon.
             The game lasted 00:04:34 (2631 turns).

Borgoz the Sneak (Ghoul Assassin)                   Turns: 2631, Time: 00:04:35

Health: 0/51       AC:  7    Str: 15    XL:     6   Next: 1%
Magic:  5/5        EV: 11    Int:  8    God:    Ashenzari [......]
Gold:   124        SH:  0    Dex: 10    Spells: 5/5 levels left

rFire    . . .     SeeInvis .   a - +1 rapier
rCold    + . .     Gourm    .   (no shield)
rNeg     + + +     Faith    .   k - +0 ring mail
rPois    ∞         Spirit   .   (no helmet)
rElec    .         Reflect  .   m - +0 cloak
rCorr    .         Harm     .   l - +0 pair of gloves
MR       .....                  (no boots)
Stlth    ++........             (no amulet)
HPRegen  0.00/turn              (no ring)
MPRegen  0.09/turn              (no ring)

@: very slightly contaminated, rotting, invisible
A: rotting body, claws 1, carnivore, cold resistance 1, negative energy
resistance 3, inhibited regeneration, torment resistance, unbreathing
a: Curse Item, Renounce Religion


You were on level 4 of the Dungeon.
You worshipped Ashenzari.
Ashenzari was noncommittal.
You were not hungry.

You visited 1 branch of the dungeon, and saw 4 of its levels.

You collected 124 gold pieces.

Inventory:

Hand Weapons
 a - a +1 rapier (weapon)
 b - a +0 blowgun
Missiles
 e - 28 poisoned needles
 f - 2 curare-tipped needles
Armour
 k - a +0 ring mail (worn)
 l - a +0 pair of gloves (worn)
 m - a +0 cloak (worn)
Scrolls
 h - 2 scrolls of magic mapping
Potions
 o - a potion of brilliance
Comestibles
 g - 4 rations


   Skills:
 + Level 3.0 Fighting
 * Level 3.7 Short Blades
 - Level 1.7 Throwing
 * Level 2.1 Armour
 * Level 1.9 Dodging
 + Level 5.0 Stealth


You had 5 spell levels left.
You didn't know any spells.
Your spell library was empty.

Dungeon Overview and Level Annotations

Branches:
Dungeon (4/15)
 Temple: D:4-7

Altars:
Ashenzari
Wu Jian
The Shining One

Annotations:
D:4 Edmund


Innate Abilities, Weirdness & Mutations

Your body is rotting away.
You thrive on raw meat.
You are immune to poison.
You have sharp fingernails.
You are carnivorous and can eat meat at any time.
Your flesh is cold resistant. (rC+)
You are immune to negative energy. (rN+++)
You do not regenerate when monsters are visible.
You are immune to unholy pain and torment.
You can survive without breathing.


Message History

Edmund hits you with a +4 dire flail of crushing!
* * * LOW HITPOINT WARNING * * *
x2 You are very lightly contaminated with residual magic.
You hit Edmund.
Edmund is heavily wounded.
Edmund hits you with a +4 dire flail of crushing.
* * * LOW HITPOINT WARNING * * *
x2 You barely miss Edmund.
Edmund is heavily wounded.
Okay, then.
Edmund says, "Everyone always remembers my brother. 'Who's Edmund?' they ask!"
Found a stone staircase leading up.
You see here a potion of curing.
c - a potion of curing You feel better.
You hit Edmund.
Edmund is heavily wounded.
Edmund hits you with a +4 dire flail of crushing!
* * * LOW HITPOINT WARNING * * *
You die...

. #. #.########
.........
####.[......####
.....###.#.....### .#
.....#......##..@#..#.
..... #......@....<..
....## ####...........
..#⌠.##+##.⌠............
............#...........
#.##.......##.##........
...#.......#...#..#.....
...+..._...+.%.#..#.....
...#...........#..# ..


You could see Edmund.

Vanquished Creatures
  3 orc priests (D:3)
  7 adders
  An ooze (D:3)
  3 dart slugs
  2 leopard geckos
  7 orcs (D:3)
  5 bats
  4 giant cockroaches
  6 goblins
  5 hobgoblins
  5 jackals
  A quokka (D:2)
  3 frilled lizards
  4 kobolds
  7 rats
63 creatures vanquished.

Notes
Turn   | Place    | Note
-------+----------+-------------------------------------------
     0 | D:1      | Borgoz the Ghoul Assassin began the quest for the Orb.
     0 | D:1      | Reached XP level 1. HP: 17/17 MP: 0/0
    89 | D:1      | Reached skill level 1 in Dodging
   261 | D:1      | Reached XP level 2. HP: 16/23 MP: 1/1
   450 | D:1      | Reached XP level 3. HP: 18/29 MP: 2/2
   739 | D:2      | Reached skill level 1 in Armour
   739 | D:2      | Reached XP level 4. HP: 14/37 MP: 3/3
  1698 | D:3      | Found a glowing golden altar of the Shining One.
  2001 | D:3      | Reached XP level 5. HP: 43/43 MP: 4/4
  2017 | D:3      | Found an ornate altar of the Wu Jian Council.
  2044 | D:3      | Reached skill level 5 in Stealth
  2298 | D:3      | Reached XP level 6. HP: 48/51 MP: 5/5
  2581 | D:4      | Found a shattered altar of Ashenzari.
  2595 | D:4      | Became a worshipper of Ashenzari the Shackled
  2602 | D:4      | Noticed Edmund
  2631 | D:4      | HP: 1/51 [Edmund/+4 dire flail of crushing (11)]
  2631 | D:4      | Slain by Edmund

Skill      XL: |  1  2  3  4  5 |
---------------+----------------+-----
Dodging        | 1 |  1.9
Short Blades   | 2 3 |  3.7
Armour         | 1 2 |  2.1
Stealth        | 5 |  5.0
Fighting       | 3 |  3.0
Throwing       | |  1.7

Action                   |  1- 3 |  4- 6 || total
-------------------------+-------+-------++-------
Melee: Dagger            |    94 |     3 ||    97
       Rapier            |    30 |   158 ||   188
  Use: Scroll            |       |     6 ||     6
       Potion            |       |     8 ||     8
 Stab: Sleeping          |     1 |     5 ||     6
  Eat: Chunk             |     5 |    20 ||    25
Armor: Ring mail         |    52 |    43 ||    95
       Robe              |     4 |       ||     4
Dodge: Dodged            |    66 |    64 ||   130
